 Dungeon Crawl Stone Soup version 0.18.1-48-g4cf74bf (webtiles) character file.

79 sveltemanboy the Slasher (level 4, 0/38 HPs)
             Began as a Demonspawn Chaos Knight on July 28, 2016.
             Slain by a gnoll
             ... wielding a +0 flail
              (4 damage)
             ... on level 3 of the Dungeon.
             The game lasted 00:05:04 (2607 turns).

sveltemanboy the Slasher (Demonspawn Chaos Knight)  Turns: 2607, Time: 00:05:05

Health: 0/38       AC:  4    Str: 13 (14) XL:     4   Next: 17%
Magic:  4/4        EV: 11    Int: 13 (15) God:    Xom [..*...]
Gold:   52         SH:  0    Dex: 10 (12) Spells: 0 memorised, 3 levels left

rFire  . . .     SeeInvis .     a - +0 falchion (chaos)
rCold  . . .     Gourm    .     b - +2 leather armour
rNeg   . . .     Faith    .     (no shield)
rPois  .         Spirit   .     (helmet restricted)
rElec  .         Dismiss  .     (no cloak)
rCorr  .         Reflect  .     (no gloves)
SustAt .         Harm     .     (no boots)
MR     .....     Rnd*Rage +     (no amulet)
Stlth  +.........               (no ring)
                                (no ring)

@: not resistant to hostile enchantments, very unstealthy
A: antennae 1, talons 1, molten scales 1, berserk 1, deformed body, robust 1,
strong 1
a: Renounce Religion


You were on level 3 of the Dungeon.
You worshipped Xom.
You were a toy of Xom.
You were not hungry.

You visited 1 branch of the dungeon, and saw 3 of its levels.

You collected 52 gold pieces.

Inventory:

Hand Weapons
 a - a +0 falchion of chaos (weapon)
Missiles
 e - 41 stones (quivered)
Armour
 b - a +2 leather armour (worn)
Scrolls
 i - 2 scrolls of noise {unknown}
 n - a scroll of remove curse
 p - a scroll of teleportation {unknown}
 q - a scroll of enchant weapon {unknown}
 r - a scroll of fog {unknown}
Comestibles
 c - 2 bread rations
 j - a slice of pizza
 k - a meat ration


   Skills:
 - Level 3.0 Fighting
 * Level 4.3 Long Blades
 - Level 2.1 Armour
 - Level 1.0 Dodging


You had 3 spell levels left.
You didn't know any spells.

Dungeon Overview and Level Annotations

Branches:
Dungeon (3/15)

Altars:
Vehumet
Xom


Innate Abilities, Weirdness & Mutations

You have a pair of small antennae on your head.
You are partially covered in molten scales (AC +1).
You have sharp toenails.
You tend to lose your temper in combat.
Armour fits poorly on your strangely shaped body.
You are robust (+10% HP).
Your muscles are strong. (Str +2)


Message History

You hit the worm but do no damage. You drain the worm!
You claw the worm, but do no damage.
The worm is severely wounded.
The orc hits you but does no damage. The worm bites you.
* * * LOW HITPOINT WARNING * * *
You are too injured to fight recklessly!
You are too injured to fight recklessly!
You are too injured to fight recklessly!
Unknown command.
You hit the worm. You freeze the worm.
The worm is almost dead.
The kobold unwields an uncursed dagger.
The kobold wields a blowgun.
The kobold shoots a poisoned needle.
The poisoned needle barely misses you.
You hit the worm. You claw the worm, but do no damage.
The worm is almost dead.
The gnoll hits you from afar with a spear.
* * * LOW HITPOINT WARNING * * *
The worm closely misses you. The gnoll hits you with a flail.
You die...
Xom laughs nastily!

#......# . #...
#......# ..
#...######......# ...
#..(............# ....
...............##.....
#...%..............#
#.!................#
#....g....#........#
#...@w....#........#
#....oo...#......g.#
#....Kg...........##
#....o.oo.........#
##=...........g...#
#..........
#....$.....
#..........


You could see a worm, 2 orc priests, 2 gnolls, 3 orcs and a kobold.

Vanquished Creatures
  3 adders
  3 worms (D:2)
  A dart slug (D:1)
  2 giant geckos
  2 giant cockroaches (D:1)
  3 goblins
  6 hobgoblins
  2 quokkas
  A ball python (D:1)
  4 bats
  5 kobolds
  12 rats
44 creatures vanquished.

Vanquished Creatures (collateral kills)
  A hobgoblin (D:1)
1 creature vanquished.

Grand Total: 45 creatures vanquished

Notes
Turn   | Place    | Note
--------------------------------------------------------------
     0 | D:1      | sveltemanboy the Demonspawn Chaos Knight began the quest for the Orb.
     0 | D:1      | Reached XP level 1. HP: 18/18 MP: 1/1
     8 | D:1      | Reached skill level 1 in Dodging
   171 | D:1      | XOM: divination: detect items
   204 | D:1      | Reached skill level 3 in Long Blades
   514 | D:1      | Gained mutation: You have a pair of small antennae on your head. [demonic ancestry]
   514 | D:1      | Reached XP level 2. HP: 21/24 MP: 2/2
   894 | D:2      | Found a radiant altar of Vehumet.
   894 | D:2      | Found a shimmering altar of Xom.
   989 | D:2      | Gained mutation: You are partially covered in molten scales (AC +1). [demonic ancestry]
   989 | D:2      | Reached XP level 3. HP: 29/29 MP: 3/3
  1053 | D:2      | XOM: harmless Necr miscast
  1073 | D:2      | XOM: harmless Fire miscast
  1270 | D:2      | XOM: harmless Fire miscast
  1281 | D:2      | XOM: harmless Trmt miscast
  1355 | D:2      | XOM: silly message
  1697 | D:2      | Reached skill level 4 in Long Blades
  1762 | D:2      | XOM is BORED!
  1762 | D:2      | XOM: harmless Divn miscast
  1811 | D:2      | XOM: harmless Divn miscast
  1964 | D:2      | XOM: silly message
  2097 | D:2      | XOM: give mutations
  2097 | D:2      | Gained mutation: Your muscles are strong. (Str +2) [Xom's grace]
  2097 | D:2      | Gained mutation: You have sharp toenails. [Xom's grace]
  2097 | D:2      | Gained mutation: You are robust (+10% HP). [Xom's grace]
  2197 | D:3      | Reached XP level 4. HP: 21/38 MP: 4/4
  2325 | D:3      | XOM: 6-stop teleportation journey
  2329 | D:3      | XOM: give mutations
  2329 | D:3      | Gained mutation: You tend to lose your temper in combat. [Xom's mischief]
  2329 | D:3      | Gained mutation: Armour fits poorly on your strangely shaped body. [Xom's mischief]
  2607 | D:3      | Slain by a gnoll

Skill      XL: |  1  2  3 |
---------------+----------+-----
Dodging        | 1 |  1.0
Long Blades    | 3 4 |  4.3
Armour         | 2 |  2.1
Fighting       | |  3.0

Action                   |  1- 3 |  4- 6 || total
-------------------------+-------+-------++-------
Melee: Falchion          |   157 |    15 ||   172
       Kick              |     7 |     6 ||    13
Throw: Stone             |    14 |       ||    14
  Use: Scroll            |     1 |       ||     1
       Potion            |       |     7 ||     7
  Eat: Chunk             |     4 |     2 ||     6
Armor: Leather armour    |    53 |     3 ||    56
Dodge: Dodged            |    89 |     8 ||    97
